General information
- name: BNet
- type: Ladder team game (AT/RT)
- host: Battle.net
- saver: humankingtomvip
map: Deadlock
- players: 8
- length: 22:02
- speed: Fast
- version: 1.26 W3XP
- replay type: Public
» download(145 KB)
Players
team 1 (loser)

»
zvxc (
orange | 76 APM | 1660 actions | 21:54)
3 Blademaster
2 Wind Walk
1 Critical Strike
2 Tauren Chieftain
1 War Stomp
1 Endurance Aura
» actions
| Assign group hotkey | 75 | |
| Basic commands | 101 | |
| Build / train | 95 | |
| Enter build submenu | 22 | |
| Enter hero's abilities submenu | 5 | |
| Give item / drop item | 1 | |
| Right click | 505 | |
| Select / deselect | 315 | |
| Select group hotkey | 467 | |
| Use ability | 74 | |
1660 total
» units
| Peon | 19 | |
| Grunt | 4 | |
| Razormane Medicine Man | 2 | |
| Shaman | 3 | |
| Troll Batrider | 22 | |
| Tauren | 2 | |
| Troll Witch Doctor | 7 | |
| Troll Headhunter/Berserker | 12 | |
71 total
» upgrades
| Melee Weapons | 2 | |
| Armor | 1 | |
| Shaman Training | 2 | |
| Reinforced Defenses | 1 | |
| Pulverize | 1 | |
| Witch Doctor Training | 2 | |
| Troll Regeneration | 1 | |
| Berserker Upgrade | 2 | |
| Ranged Weapons | 2 | |
14 total
» buildings
| Orc Burrow | 8 | |
| Altar of Storms | 1 | |
| Barracks | 2 | |
| Voodoo Lounge | 1 | |
| War Mill | 1 | |
| Stronghold | 1 | |
| Watch Tower | 1 | |
| Great Hall | 1 | |
| Spirit Lodge | 1 | |
| Fortress | 1 | |
| Beastiary | 2 | |
| Tauren Totem | 2 | |
22 total
» build order
00:46 Orc Burrow
00:53 Altar of Storms
01:04 Barracks
01:27 Orc Burrow
01:49 Voodoo Lounge
03:04 Orc Burrow
03:08 War Mill
03:39 Stronghold
04:27 Watch Tower
06:07 Great Hall
06:44 Spirit Lodge
07:31 Fortress
08:07 Beastiary
09:17 Orc Burrow
10:30 Tauren Totem
10:32 Tauren Totem
10:38 Orc Burrow
13:09 Orc Burrow
15:26 Beastiary
16:10 Barracks
17:26 Orc Burrow
17:29 Orc Burrow
» items

»
CrBr (
yellow | 50 APM | 1040 actions | 20:50)
4 Dark Ranger
2 Black Arrow
2 Life Drain
2 Death Knight
1 Death Coil
1 Unholy Aura
» actions
| Assign group hotkey | 29 | |
| Basic commands | 28 | |
| Build / train | 61 | |
| ESC pressed | 5 | |
| Enter build submenu | 18 | |
| Enter hero's abilities submenu | 6 | |
| Give item / drop item | 1 | |
| Right click | 314 | |
| Select / deselect | 157 | |
| Select group hotkey | 379 | |
| Use ability | 42 | |
1040 total
» units
| Acolyte | 12 | |
| Ghoul | 3 | |
| Crypt Fiend | 15 | |
| Frost Wyrm | 5 | |
35 total
» upgrades
| Creature Carapace | 4 | |
| Creature Attack | 3 | |
| Web | 1 | |
| Freezing Breath | 1 | |
9 total
» buildings
| Crypt | 1 | |
| Ziggurat | 9 | |
| Graveyard | 1 | |
| Altar of Darkness | 1 | |
| Halls of the Dead | 1 | |
| Necropolis | 1 | |
| Black Citadel | 1 | |
| Sacrificial Pit | 1 | |
| Boneyard | 2 | |
| Tomb of Relics | 1 | |
19 total
» build order
00:09 Crypt
00:16 Ziggurat
00:43 Graveyard
01:00 Ziggurat
02:19 Ziggurat
03:39 Altar of Darkness
05:15 Halls of the Dead
07:20 Necropolis
07:26 Ziggurat
07:29 Ziggurat
07:34 Ziggurat
08:14 Black Citadel
09:12 Sacrificial Pit
11:03 Boneyard
11:18 Tomb of Relics
12:19 Boneyard
16:05 Ziggurat
16:10 Ziggurat
16:13 Ziggurat
» items
| Orb of Corruption | 2 | |
| Periapt of Vitality | 2 | |
| Circlet of Nobility | 2 | |
| Scroll of Town Portal | 1 | |
7 total
PadAwoN. (
red | 51 APM | 1123 actions | 22:01)
3 Beastmaster
1 Summon Quilbeast
2 Summon Hawk
» actions
| Basic commands | 6 | |
| Build / train | 66 | |
| Enter build submenu | 15 | |
| Enter hero's abilities submenu | 3 | |
| Remove unit from queue | 1 | |
| Right click | 715 | |
| Select / deselect | 238 | |
| Use ability | 79 | |
1123 total
» units
| Peon | 12 | |
| Grunt | 7 | |
| Shaman | 6 | |
| Tauren | 5 | |
| Demolisher | 3 | |
| Frost Wyrm | 2 | |
| Crypt Fiend | 4 | |
39 total
» upgrades
| Armor | 3 | |
| Melee Weapons | 2 | |
| Berserker Strength | 1 | |
| Shaman Training | 2 | |
| Pulverize | 1 | |
| Burning Oil | 1 | |
10 total
» buildings
| Barracks | 1 | |
| Orc Burrow | 7 | |
| Altar of Storms | 1 | |
| War Mill | 1 | |
| Stronghold | 1 | |
| Voodoo Lounge | 1 | |
| Fortress | 1 | |
| Spirit Lodge | 1 | |
| Tauren Totem | 1 | |
15 total
» build order
00:15 Barracks
00:19 Orc Burrow
00:50 Altar of Storms
01:38 Orc Burrow
02:51 War Mill
03:48 Orc Burrow
04:06 Stronghold
05:08 Voodoo Lounge
05:27 Orc Burrow
07:25 Fortress
07:28 Spirit Lodge
09:53 Tauren Totem
13:25 Orc Burrow
13:28 Orc Burrow
15:47 Orc Burrow
» items
| Healing Salve | 3 | |
| Scroll of Speed | 2 | |
| Orb of Lightning | 1 | |
| Tiny Great Hall | 2 | |
| Scroll of Town Portal | 2 | |
10 total

»
LadyNaga (
blue | 28 APM | 606 actions | 21:57)
3 Mountain King
2 Storm Bolt
1 Bash
1 Paladin
1 Holy Light
1 Archmage
1 Brilliance Aura
» actions
| Build / train | 65 | |
| ESC pressed | 3 | |
| Enter build submenu | 16 | |
| Enter hero's abilities submenu | 5 | |
| Give item / drop item | 1 | |
| Right click | 261 | |
| Select / deselect | 205 | |
| Use ability | 50 | |
606 total
» units
| Peasant | 15 | |
| Rifleman | 3 | |
| Gryphon Rider | 16 | |
| Frost Wyrm | 1 | |
35 total
» upgrades
| Gunpowder | 3 | |
| Masonry | 2 | |
| Armor | 2 | |
| Storm Hammers | 1 | |
8 total
» buildings
| Altar of Kings | 1 | |
| Farm | 9 | |
| Barracks | 1 | |
| Blacksmith | 1 | |
| Lumber Mill | 1 | |
| Keep | 1 | |
| Town Hall | 1 | |
| Castle | 1 | |
| Gryphon Aviary | 2 | |
18 total
» build order
00:51 Altar of Kings
01:06 Farm
01:11 Farm
01:39 Barracks
01:48 Farm
01:53 Blacksmith
02:32 Lumber Mill
03:41 Keep
04:51 Town Hall
06:43 Castle
08:10 Gryphon Aviary
08:13 Gryphon Aviary
09:32 Farm
09:36 Farm
10:50 Farm
11:37 Farm
12:31 Farm
20:20 Farm
» items
| Healing Salve | 2 | |
| Lesser Clarity Potion | 1 | |
| Scroll of Town Portal | 3 | |
| Potion of Lesser Invulnerability | 1 | |
| Scroll of Protection | 2 | |
| Boots of Speed | 1 | |
| Periapt of Vitality | 1 | |
| Orb of Lightning | 1 | |
12 total
team 2 (winner)
nWo.4.LIFE (
teal | 47 APM | 255 actions | 05:25)
2 Death Knight
1 Death Coil
1 Unholy Aura
» actions
| Assign group hotkey | 9 | |
| Build / train | 18 | |
| Enter build submenu | 9 | |
| Enter hero's abilities submenu | 2 | |
| Remove unit from queue | 1 | |
| Right click | 90 | |
| Select / deselect | 51 | |
| Select group hotkey | 66 | |
| Use ability | 9 | |
255 total
» units
| Acolyte | 3 | |
| Ghoul | 2 | |
| Crypt Fiend | 4 | |
9 total
» buildings
| Graveyard | 1 | |
| Crypt | 1 | |
| Ziggurat | 3 | |
| Altar of Darkness | 1 | |
| Tomb of Relics | 1 | |
| Nerubian Tower | 1 | |
| Halls of the Dead | 1 | |
9 total
» build order
00:06 Graveyard
00:10 Crypt
00:38 Ziggurat
00:58 Altar of Darkness
01:46 Tomb of Relics
02:00 Ziggurat
02:10 Nerubian Tower
04:01 Ziggurat
04:36 Halls of the Dead
» items

»
mckc (
purple | 63 APM | 1396 actions | 22:01)
6 Demon Hunter
2 Immolation
3 Mana Burn
1 Metamorphosis
2 Death Knight
1 Death Coil
1 Unholy Aura
4 Keeper of the Grove
2 Entangling Roots
1 Thorns Aura
1 Force of Nature
» actions
| Assign group hotkey | 16 | |
| Build / train | 80 | |
| Enter build submenu | 52 | |
| Enter hero's abilities submenu | 12 | |
| Give item / drop item | 2 | |
| Remove unit from queue | 6 | |
| Right click | 399 | |
| Select / deselect | 244 | |
| Select group hotkey | 510 | |
| Use ability | 75 | |
1396 total
» units
| Wisp | 25 | |
| Archer | 6 | |
| Ghoul | 4 | |
| Chimaera | 5 | |
| Acolyte | 5 | |
| Crypt Fiend | 2 | |
47 total
» upgrades
| Creature Attack | 3 | |
| Creature Carapace | 1 | |
| Strength of the Wild | 3 | |
| Reinforced Hides | 3 | |
| Corrosive Breath | 1 | |
| Well Spring | 1 | |
12 total
» buildings
| Moon Well | 9 | |
| Altar of Elders | 1 | |
| Ancient of War | 1 | |
| Tree of Ages | 1 | |
| Tree of Life | 1 | |
| Hunter's Hall | 2 | |
| Tree of Eternity | 1 | |
| Ancient of Wind | 1 | |
| Ziggurat | 6 | |
| Necropolis | 2 | |
| Chimaera Roost | 3 | |
| Black Citadel | 1 | |
| Spirit Tower | 1 | |
| Boneyard | 1 | |
| Crypt | 4 | |
| Ancient Protector | 8 | |
| Ancient of Wonders | 2 | |
| Tomb of Relics | 1 | |
46 total
» build order
00:36 Moon Well
00:48 Altar of Elders
01:02 Ancient of War
01:30 Moon Well
02:00 Moon Well
03:17 Tree of Ages
04:42 Tree of Life
05:02 Hunter's Hall
05:46 Tree of Eternity
05:50 Ancient of Wind
06:11 Moon Well
06:32 Ziggurat
07:08 Necropolis
07:14 Moon Well
07:29 Ziggurat
07:31 Ziggurat
08:46 Chimaera Roost
08:48 Chimaera Roost
08:54 Black Citadel
09:36 Spirit Tower
10:30 Chimaera Roost
11:36 Hunter's Hall
11:50 Boneyard
12:02 Crypt
12:11 Crypt
12:30 Crypt
12:33 Crypt
12:48 Moon Well
12:50 Moon Well
12:52 Moon Well
12:55 Moon Well
12:58 Ancient Protector
13:01 Ancient Protector
15:50 Ancient of Wonders
16:13 Tomb of Relics
16:22 Ziggurat
16:26 Ziggurat
16:33 Ziggurat
16:45 Necropolis
17:27 Ancient Protector
17:29 Ancient Protector
19:27 Ancient of Wonders
19:48 Ancient Protector
19:50 Ancient Protector
19:53 Ancient Protector
19:56 Ancient Protector
» items

»
humankingtomvip (
green | 73 APM | 1604 actions | 22:02)
7 Shadow Hunter
3 Hex
3 Healing Wave
1 Big Bad Voodoo
» actions
| Assign group hotkey | 175 | |
| Basic commands | 73 | |
| Build / train | 66 | |
| ESC pressed | 1 | |
| Enter build submenu | 36 | |
| Enter hero's abilities submenu | 7 | |
| Give item / drop item | 2 | |
| Right click | 544 | |
| Select / deselect | 174 | |
| Select group hotkey | 429 | |
| Use ability | 97 | |
1604 total
» units
| Peon | 17 | |
| Wind Rider | 4 | |
| Troll Batrider | 14 | |
35 total
» upgrades
| Envenomed Spears | 1 | |
| Reinforced Defenses | 1 | |
| Ranged Weapons | 1 | |
| Liquid Fire | 1 | |
4 total
» buildings
| Altar of Storms | 1 | |
| Orc Burrow | 6 | |
| War Mill | 1 | |
| Voodoo Lounge | 3 | |
| Watch Tower | 20 | |
| Stronghold | 1 | |
| Beastiary | 3 | |
| Fortress | 1 | |
36 total
» build order
00:06 Altar of Storms
00:21 Orc Burrow
00:55 War Mill
01:16 Voodoo Lounge
02:07 Watch Tower
02:25 Watch Tower
02:56 Stronghold
03:11 Orc Burrow
03:40 Watch Tower
03:44 Watch Tower
05:21 Beastiary
05:22 Beastiary
05:25 Beastiary
05:27 Orc Burrow
05:28 Orc Burrow
05:49 Fortress
09:30 Watch Tower
09:31 Watch Tower
09:31 Watch Tower
09:31 Watch Tower
10:04 Watch Tower
10:04 Watch Tower
13:13 Orc Burrow
13:43 Watch Tower
13:43 Watch Tower
14:01 Watch Tower
14:01 Watch Tower
14:06 Orc Burrow
15:36 Voodoo Lounge
16:43 Voodoo Lounge
16:48 Watch Tower
17:27 Watch Tower
17:27 Watch Tower
17:30 Watch Tower
17:31 Watch Tower
17:31 Watch Tower
» items
| Lesser Clarity Potion | 4 | |
| Healing Salve | 2 | |
| Tiny Great Hall | 1 | |
| Scroll of Speed | 2 | |
| Scroll of Town Portal | 4 | |
| Staff of Teleportation | 1 | |
| Orb of Corruption | 1 | |
15 total

»
PimpleFace (
pink | 42 APM | 936 actions | 22:01)
5 Keeper of the Grove
2 Force of Nature
3 Entangling Roots
1 Death Knight
1 Death Coil
» actions
| Basic commands | 377 | |
| Build / train | 71 | |
| ESC pressed | 3 | |
| Enter build submenu | 27 | |
| Enter hero's abilities submenu | 6 | |
| Right click | 10 | |
| Select / deselect | 376 | |
| Use ability | 66 | |
936 total
» units
| Wisp | 20 | |
| Archer | 12 | |
| Acolyte | 5 | |
| Hippogryph | 9 | |
| Faerie Dragon | 3 | |
49 total
» upgrades
| Strength of the Moon | 1 | |
| Improved Bows | 1 | |
| Hippogryph Taming | 1 | |
| Web | 1 | |
| Ultravision | 1 | |
| Strength of the Wild | 2 | |
| Reinforced Hides | 1 | |
8 total
» buildings
| Altar of Elders | 1 | |
| Moon Well | 9 | |
| Ancient of War | 1 | |
| Hunter's Hall | 1 | |
| Tree of Life | 2 | |
| Tree of Ages | 1 | |
| Ancient of Wind | 2 | |
| Ancient Protector | 4 | |
| Sacrificial Pit | 1 | |
| Tree of Eternity | 1 | |
| Necropolis | 1 | |
| Ancient of Wonders | 1 | |
25 total
» build order
00:22 Altar of Elders
00:38 Moon Well
00:53 Ancient of War
01:40 Moon Well
02:02 Moon Well
03:38 Hunter's Hall
04:01 Moon Well
05:10 Tree of Life
05:48 Moon Well
06:02 Tree of Ages
06:47 Moon Well
07:59 Moon Well
08:52 Ancient of Wind
08:55 Ancient of Wind
09:04 Ancient Protector
09:28 Sacrificial Pit
10:45 Ancient Protector
11:57 Tree of Life
12:59 Ancient Protector
15:52 Tree of Eternity
16:33 Necropolis
16:58 Moon Well
17:33 Ancient of Wonders
18:45 Moon Well
19:47 Ancient Protector
» items
| Scroll of Town Portal | 2 | |
| Scroll of Protection | 2 | |
| Boots of Speed | 1 | |
5 total
Chat log
(00:09 / Allies) mckc: quick expoing
(00:11 / Allies) humankingtomvip: let me guess teal
(00:12 / Allies) mckc: tech chims hipps
(00:13 / Allies) nWo.4.LIFE: fiend frost
(00:13 / Allies) humankingtomvip: lich and ghouls
(00:17 / Allies) nWo.4.LIFE: huh ?
(00:25 / Allies) nWo.4.LIFE: why u say that green lol
(01:00 / Allies) nWo.4.LIFE: green ?
(01:03 / Allies) nWo.4.LIFE: i fiend frost why
(01:07 / Allies) nWo.4.LIFE: with expo
(01:08 / Allies) humankingtomvip: lol
(01:21 / Allies) nWo.4.LIFE: let me guess
(01:23 / Allies) nWo.4.LIFE: bm bats
(01:28 / Allies) humankingtomvip: nope
(01:38 / Allies) nWo.4.LIFE: wind rider ?
(01:44 / Allies) humankingtomvip: u only get one guess
(01:50 / Allies) nWo.4.LIFE: lol
(01:52 / Allies) nWo.4.LIFE: dont air dude
(01:55 / Allies) nWo.4.LIFE: me n purp air
(03:36 / Allies) nWo.4.LIFE: purp
(03:44 / Allies) mckc: for me?
(03:47 / Allies) nWo.4.LIFE: yeah
(03:53 / Allies) mckc: aight
(04:05 / Allies) nWo.4.LIFE: help with wityh other mine
(04:13 / Allies) mckc: yeppers
(04:47 / Allies) nWo.4.LIFE: mine pink
(05:06 / Allies) nWo.4.LIFE: PINK
(05:07 / Allies) nWo.4.LIFE: GO AWAY
(05:11 / Allies) humankingtomvip: lol
(05:15 / Allies) mckc: pink
(05:18 / Allies) mckc: you can have this one
(05:22 / Allies) mckc: teal
(05:23 / Allies) nWo.4.LIFE: wow
(05:23 / Allies) mckc: come up here
(05:24 / Allies) nWo.4.LIFE: wowowowo
(05:27 / Allies) mckc: dont bs
(05:28 / Allies) mckc: come on
(05:36 / Allies) humankingtomvip: im not taking him
(05:37 / Allies) mckc: i got teal
(05:41 / Allies) humankingtomvip: you made that mess now u clean it up
(06:16 / Allies) humankingtomvip: are you guys gonna take the leaver or not
(06:18 / Allies) humankingtomvip: if not im otuta here too
(06:21 / Allies) mckc: i got him
(06:27 / Allies) mckc: i already said that
(06:28 / Allies) mckc: jesus
(06:39 / Allies) mckc: he getting frosts
(08:01 / Allies) mckc: fight pink
(08:10 / Allies) mckc: fight i got me and teal here
(09:04 / Allies) mckc: wood me p[lease
(11:02 / Allies) PimpleFace: back
(11:39 / All) CrBr: gg
(11:42 / All) CrBr: ur going to lose
(11:44 / All) CrBr: mass air
(11:48 / All) CrBr: really?
(11:51 / All) humankingtomvip: tea m chat
(12:03 / Allies) mckc: ac
(12:07 / Allies) mckc: actually teal mass bargs
(12:13 / Allies) humankingtomvip: thats a horrible idea
(12:18 / Allies) humankingtomvip: they already have web and bats
(12:25 / Allies) mckc: then he mass fiends
(13:25 / Allies) humankingtomvip: kioll their expos
(13:49 / Allies) mckc: copming pink
(14:57 / Allies) mckc: brt
(15:01 / Allies) humankingtomvip: tp
(15:03 / Allies) humankingtomvip: bnefore towers die
(16:06 / Allies) mckc: get shops
(16:13 / Allies) humankingtomvip: mine got raped
(16:17 / Allies) mckc: it ok
(16:19 / Allies) mckc: get anotehr
(18:11 / Allies) humankingtomvip: mass bats inbound
(18:18 / All) CrBr: gg
(18:24 / All) humankingtomvip: ctrl enter
(18:39 / Allies) mckc: maybe need you to tp pink
(18:47 / Allies) humankingtomvip: all tp
(18:54 / Allies) humankingtomvip: all tp
(18:55 / Allies) humankingtomvip: i have foodoo
(18:57 / Allies) humankingtomvip: voodoo
(18:57 / Allies) humankingtomvip: tp all
(19:04 / Allies) mckc: fucking tp
(19:07 / Allies) mckc: nice
(19:30 / All) humankingtomvip: good job talking us out of making air
(19:31 / All) humankingtomvip: effective
(20:09 / Allies) humankingtomvip: repair at least
(20:22 / Allies) mckc: go
(20:24 / Allies) mckc: go pink